AoeStats
← Raizzen

Oasis

507625700Analyzed
4v4 RM · 14d ago on Sep 19, 2026· 15m 16s· 8 players
Game mode
Random Map
Map size
Large (8 player)
Population
200
Speed
Normal
Resources
Standard
Victory
Conquest
Starting age
Dark Age
Ending age
Imperial Age
RankedLock teamsTeams togetherTeam positionsShared explorationLock speedFull tech treeHidden civsTurbo modeCheats
Victory
Defeat
🇺🇸 Mongols · United States
1067
+15
🇺🇸 Spanish · United States
1016
+17
🇺🇸 Japanese · United States
999
+18
🇺🇸 Goths · United States
827
+24
🇦🇷 Ethiopians · Argentina
1077
-20
🇦🇷 Hindustanis · Argentina
1040
-19
🇲🇽 Poles · Mexico
1008
-18
🇺🇸 Bengalis · United States
1000
-17
Achilles333
10:27 Feudal Age
16:02 Castle Age
danny dillinger
7:11 Loom
Raizzen
5:54 Loom
11:19 Feudal Age
16:51 Castle Age
dub
6:56 Loom
9:27 Feudal Age
10:10 Double-Bit Axe
10:20 Gold Mining
Zelroth
7:38 Loom
13:10 Feudal Age
ShardMuggleNew
5:46 Loom
9:46 Feudal Age
10:54 Double-Bit Axe
14:19 Horse Collar
CovertSpy
11:46 Feudal Age
12:10 Horse Collar
12:17 Double-Bit Axe
ammonc
4:42 Loom
12:48 Feudal Age
13:15 Double-Bit Axe
13:51 Horse Collar
17:28 Castle Age
Connection lost

Rejoining the realm…

Still unreachable

The connection could not be restored.

Session expired

The server has moved on; the page needs a fresh start.